 Dungeon Crawl Stone Soup version 0.29-a0-902-g0f71de6fce (webtiles) character file.

Game seed: 3252229082862435154

444 enile the Trooper (level 7, 0/48 HPs)
             Began as a Djinni Fire Elementalist on July 25, 2022.
             Was a Believer of Hepliaklqana.
             Slain by Duvessa
             ... wielding a +0 short sword
              (11 damage)
             ... on level 4 of the Dungeon.
             The game lasted 00:03:19 (4284 turns).

enile the Trooper (Djinni Fire Elementalist)        Turns: 4284, Time: 00:03:19

Health: 0/48       AC:  2    Str:  7    XL:     7   Next: 23%
Gold:   198        EV: 12    Int: 19    God:    Hepliaklqana [**....] SH:  0 Dex: 13

rFire   + + .      SeeInvis .   h - +2 short sword (flame)
rCold   x . .      Faith    .   (no shield)
rNeg    . . .      Spirit   .   a - +0 robe
rPois   ∞          Reflect  .   (no helmet)
rElec   .          Harm     .   (no cloak)
rCorr   .          Rampage  .   (no gloves)
Will    .....                   (boots unavailable)
Stlth   ++........              (no amulet)
HPRegen 0.16/turn               (no ring)
MPRegen 0.00/turn               (no ring)

@: flying, very slightly contaminated
A: reduced essence, sickness immunity, fire resistance 2, cold vulnerability 1,
float, innate caster, HP casting, extra vitality 1
a: Renounce Religion, Recall Ancestor, Ancestor Identity


You were on level 4 of the Dungeon.
You worshipped Hepliaklqana.
Hepliaklqana was pleased with you.
You visited 1 branch of the dungeon, and saw 4 of its levels.

You collected 198 gold pieces.

Inventory:

Hand Weapons
 h - a +2 short sword of flaming (weapon)
Armour
 a - a +0 robe (worn)
Scrolls
 e - a scroll of fear {unknown}
 f - 5 scrolls of identify {unknown}
 i - 2 scrolls of summoning {unknown}
Potions
 b - 4 potions of curing
 c - a potion of heal wounds {unknown}
 d - a potion of flight {unknown}
 g - a potion of invisibility {unknown}


   Skills:
 - Level 5.0 Fighting
 - Level 2.1 Dodging
 - Level 1.5 Stealth
 + Level 4.3 Spellcasting


You couldn't memorise any spells.
You knew the following spells:

 Your Spells              Type           Power      Damage    Failure   Level
a - Foxfire               Conj/Fire      80%        2x1d8     2%          1
b - Scorch                Fire           40%        2d7       3%          2
c - Wereblood             Tmut           20%        N/A       3%          2
d - Inner Flame           Hex/Fire       20%        N/A       7%          3
e - Flame Wave            Conj/Fire      20%        2d7       22%         4
f - Beastly Appendage     Tmut           40%        N/A       2%          1
g - Conjure Flame         Conj/Fire      20%        6-21      7%          3
h - Searing Ray           Conj           40%        2d5       3%          2
Your spell library was empty.

Dungeon Overview and Level Annotations

Branches:
Dungeon (4/15)
 Temple: D:4-7

Altars:
Hepliaklqana

Shops:
D:2 (   D:3 =

Annotations:
D:4 Duvessa


Innate Abilities, Weirdness & Mutations

Your life essence is reduced to manifest your ancestor. (-10% HP)
You are immune to sickness and miasma.
You are immune to poison.
Your flesh is very heat resistant. (rF++)
You are vulnerable to cold. (rC-)
You float through the air rather than walking.
You learn spells naturally, not from books.
Your magical power is your life essence.
You have superior vitality. (+4 MHP)


Message History

Confirm with . or Enter, or press ? or * to list all spells.
Aiming: Inner Flame (dangerous; 7% risk of failure)
Press: ? - help, Dir - move target, f - Hsekiu
Aim: Hsekiu the knight, wielding a +0 flail and wearing a +0 kite shield (heavily damaged, friendly, chance to affect: 80%) Hsekiu avoids your attack.
Nothing appears to happen.
Duvessa hits Hsekiu with a +0 short sword!
Duvessa barely misses Hsekiu.
Hsekiu barely misses Duvessa.
Casting: Inner Flame (dangerous; 7% risk of failure)
Confirm with . or Enter, or press ? or * to list all spells.
Aiming: Inner Flame (dangerous; 7% risk of failure)
Press: ? - help, Dir - move target, f - Duvessa, p - Hsekiu
Aim: Duvessa, wielding a +0 short sword, wearing a +0 leather armour and quivering stones (moderately wounded, berserk, not watching you, ally target, chance to affect: 59%)
You miscast Inner Flame.
You are very lightly contaminated with residual magic.
Nothing appears to happen.
Duvessa barely misses Hsekiu.
A hobgoblin comes into view.
Hsekiu hits Duvessa with a +0 flail!
Casting: Inner Flame (dangerous; 7% risk of failure)
Confirm with . or Enter, or press ? or * to list all spells.
Aiming: Inner Flame (dangerous; 7% risk of failure)
Press: ? - help, Dir - move target, f/p - Duvessa
Aim: Duvessa, wielding a +0 short sword, wearing a +0 leather armour and quivering stones (heavily wounded, berserk, not watching you, ally target, chance to affect: 59%) Duvessa resists with significant effort.
Duvessa hits you with a +0 short sword!
Casting: Inner Flame (dangerous; 7% risk of failure)
Confirm with . or Enter, or press ? or * to list all spells.
Aiming: Inner Flame (dangerous; 7% risk of failure)
Press: ? - help, Dir - move target, f - Hsekiu, p - Duvessa
Aim: Hsekiu the knight, wielding a +0 flail and wearing a +0 kite shield (almost destroyed, friendly, chance to affect: 80%) Hsekiu avoids your attack.
Nothing appears to happen.
Duvessa misses you.
Hsekiu hits Duvessa with a +0 flail!
Casting: Inner Flame (dangerous; 7% risk of failure)
Confirm with . or Enter, or press ? or * to list all spells.
Aiming: Inner Flame (dangerous; 7% risk of failure)
Press: ? - help, Dir - move target, f - Duvessa, p - Hsekiu
Aim: Duvessa, wielding a +0 short sword, wearing a +0 leather armour and quivering stones (severely wounded, berserk, not watching you, ally target, chance to affect: 59%) Duvessa is filled with an inner flame.
Duvessa hits you with a +0 short sword!
* * * LOW HITPOINT WARNING * * *
Duvessa hits you with a +0 short sword!
You die...

.......##.# #[####.###........
.########.######.####.###........
...............)..)..............
..........##......#.#.###........
>.................#.#.###........
.....#######......#.#............
.##.#.....##......#.#............
.##.#.....###.##.##.#........####
.##.#.....###.##@##.#........#
###.......g.J.Re.##.#........#
###.....###............#####
#.....####...........#
#####....................#
.........................#
#####.##............(....#
#.#............<.....#
#.#..................#


You could see the friendly Hsekiu the knight, Duvessa (berserk, inner flame,
ally target), an endoplasm and a hobgoblin.

Vanquished Creatures
  Grinder (D:4)
  Dowan (D:4)
  A gnoll bouda (D:3)
  A jelly (D:4)
  An adder (D:3)
  3 gnolls (D:3)
  A dart slug (D:1)
  An orc (D:4)
  5 endoplasms
  2 giant cockroaches
  4 goblins
  5 hobgoblins
  2 kobolds
  4 quokkas
  6 ball pythons
  4 bats
  2 frilled lizards
  3 rats
47 creatures vanquished.

Vanquished Creatures (collateral kills)
  A hound (D:4)
  An iguana (D:4)
  A dart slug (D:4)
  An orc (D:4)
  3 foxfires
7 creatures vanquished.

Vanquished Creatures (others)
  A knight (D:4)
  2 ancestors (D:3)
  175 foxfires
  10 plants (D:3)
188 creatures vanquished.

Grand Total: 242 creatures vanquished

Notes
Turn   | Place    | Note
-------+----------+-------------------------------------------
     0 | D:1      | enile the Djinni Fire Elementalist began the quest for the
                  | Orb.
     0 | D:1      | enile set off with the following spells memorised: Foxfire,
                  | Scorch, Conjure Flame, Inner Flame, Flame Wave.
     0 | D:1      | Reached XP level 1. HP: 15/15 MP: 0/0
   322 | D:1      | Reached skill level 1 in Fighting
   556 | D:1      | Reached XP level 2. HP: 21/22 MP: 0/0
  1002 | D:1      | Reached skill level 2 in Fighting
  1370 | D:2      | Reached XP level 3. HP: 26/29 MP: 0/0
  1370 | D:2      | Learned a level 1 spell: Beastly Appendage
  1598 | D:2      | Found Fuicsah's Antique Weapon Boutique.
  1613 | D:2      | Found a faded altar of an unknown god.
  1644 | D:2      | Prayed at the altar of an unknown god.
  1644 | D:2      | Became a worshipper of Hepliaklqana the Forgotten
  1644 | D:2      | Reached * piety under Hepliaklqana
  2068 | D:3      | Reached skill level 3 in Fighting
  2074 | D:3      | Reached XP level 4. HP: 16/31 MP: 0/0
  2270 | D:3      | Reached skill level 4 in Fighting
  2459 | D:3      | Found Lias's Jewellery Shoppe.
  2737 | D:3      | Reached XP level 5. HP: 34/36 MP: 0/0
  2737 | D:3      | Learned a level 2 spell: Wereblood
  2975 | D:4      | Reached ** piety under Hepliaklqana
  2976 | D:4      | Remembered your ancestor Hsekiu as a knight
  3131 | D:4      | Noticed Dowan
  3135 | D:4      | Noticed Duvessa
  3144 | D:4      | Noticed Grinder
  3158 | D:4      | Reached skill level 5 in Fighting
  3161 | D:4      | Reached XP level 6. HP: 13/44 MP: 0/0
  3401 | D:4      | Killed Grinder
  3402 | D:4      | Reached XP level 7. HP: 21/48 MP: 0/0
  3402 | D:4      | Learned a level 2 spell: Searing Ray
  3618 | D:4      | Killed Dowan
  4284 | D:4      | Slain by Duvessa

Illustrated notes

Levels and vault maps discovered:
D:1:      psy_arrival_wood_between_worlds, layout_rooms
D:2:      layout_basic, ebering_ecumenical_altar_webs, serial_shops, shop
D:3:      layout_loops_ring, serial_shops, nicolae_shop_crystal,
          nicolae_grassy_gnolls
D:4:      layout_basic, uniq_grinder, uniq_duvessa, uniq_robin

Skill      XL: |  1  2  3  4  5  6 |
---------------+-------------------+-----
Fighting       | 1 2 3 4 5 |  5.0
Spellcasting   | 4 |  4.3
Dodging        | |  2.1
Stealth        | |  1.5

Action                   |  1- 3 |  4- 6 |  7- 9 || total
-------------------------+-------+-------+-------++-------
Melee: Unarmed           |     1 |       |       ||     1
       Short sword       |       |     5 |       ||     5
 Cast: Foxfire           |    74 |    38 |     7 ||   119
       Scorch            |    10 |     9 |     2 ||    21
       Inner Flame       |       |     2 |     6 ||     8
Invok: Recall Ancestor   |       |     1 |       ||     1
       Ancestor Life: Kn |       |     1 |       ||     1
  Use: Scroll            |       |     2 |     1 ||     3
       Potion            |       |     1 |       ||     1
 Stab: Sleeping          |       |     1 |       ||     1
Armor: Robe              |     3 |     1 |       ||     4
Dodge: Dodged            |    14 |    14 |     4 ||    32

Table legend: (Time is in decaauts)
 A = Elapsed time spent in this place.
 B = Non-inter-level travel time spent in this place.
 C = Inter-level travel time spent in this place.
 D = Time resting spent in this place.
 E = Time spent auto-exploring this place.
 F = Levels seen in this place.
 G = Mean time per level.
                   A        B        C        D        E       F      G
               +--------+--------+--------+--------+--------+-----+--------+
         Total |   4284 |   4160 |    124 |    333 |   3370 |   4 | 1071.0 |
       Dungeon |   4284 |   4160 |    124 |    333 |   3370 |   4 | 1071.0 |
               +--------+--------+--------+--------+--------+-----+--------+

Top non-repeatable levels by time:
     D:3: 1224 daAuts
     D:1: 1117 daAuts
     D:4: 984 daAuts
     D:2: 959 daAuts
